 Dungeon Crawl Stone Soup version 0.27.0-1-g7a089689b8 (webtiles) character file.

Game seed: 13302604913188226079

36 inmateoo the Caller (level 3, 0/28 HPs)
             Began as a Demigod Summoner on Aug 1, 2021.
             Slain by a gnoll (8 damage)
             ... on level 2 of the Dungeon.
             The game lasted 00:04:09 (2496 turns).

inmateoo the Caller (Demigod Summoner)              Turns: 2496, Time: 00:04:09

Health: 0/28       AC:  3    Str:  9    XL:     3   Next: 5%
Magic:  6/9        EV: 12    Int: 21    God:
Gold:   56         SH:  0    Dex: 14    Spells: 0/6 levels left

rFire    . . .     SeeInvis .   e - +0 short sword
rCold    . . .     Faith    .   (no shield)
rNeg     . . .     Spirit   .   a - +0 robe
rPois    .         Reflect  .   b - +0 helmet
rElec    .         Harm     .   (no cloak)
rCorr    .         Rampage  .   (no gloves)
Will     .....                  (no boots)
Stlth    ++........             (no amulet)
HPRegen  0.09/turn              (no ring)
MPRegen  0.11/turn              (no ring)

@: no status effects
A: high mp 1, forlorn
a: no special abilities


You were on level 2 of the Dungeon.
You visited 1 branch of the dungeon, and saw 3 of its levels.

You collected 56 gold pieces.

Inventory:

Hand Weapons
 e - a +0 short sword (weapon)
Armour
 a - a +0 robe (worn)
 b - a +0 helmet (worn)
Wands
 f - a wand of iceblast (10)
Scrolls
 d - 2 scrolls of identify {unknown}
Potions
 c - a potion of curing {unknown}


   Skills:
 + Level 1.3 Fighting
 - Level 1.7 Dodging
 - Level 1.7 Stealth
 + Level 2.2 Spellcasting
 + Level 4.0 Summonings


You couldn't memorise any spells.
You knew the following spells:

 Your Spells              Type           Power      Damage    Failure   Level
a - Summon Small Mammal   Summ           76%        N/A       2%          1
b - Call Imp              Summ           19%        N/A       4%          2
c - Call Canine Familiar  Summ           19%        N/A       9%          3

Your spell library contained the following spells:

 Spells                   Type           Power      Damage    Failure   Level
 Summon Guardian Golem    Hex/Summ       10%        N/A       19%         3
 Passwall                 Tmut/Erth      1%         N/A       22%         2
 Swiftness                Air            2%         N/A       41%         3
 Summon Lightning Spire   Summ/Air       10%        N/A       54%         4
 Invisibility             Hex            1%         N/A       100%        6


Dungeon Overview and Level Annotations

Branches:
Dungeon (3/15)

Annotations:
D:3 Ijyb


Innate Abilities, Weirdness & Mutations

Your attributes grow dramatically as you level up.
You have an increased reservoir of magic. (+10% MP)
You shall have no god before yourself.


Message History

A hobgoblin comes into view. It is carrying a wand of digging (3).
The gnoll hits your hound with a +0 spear.
Your hound closely misses the gnoll.
The gnoll hits your hound with a +0 spear.
Your hound completely misses the gnoll.
Your hound bites the gnoll but does no damage.
The gnoll hits your hound with a +0 spear.
Your hound closely misses the gnoll.
You hear a zap.
You hear a grinding noise.
A gnoll comes into view. It is wielding a +0 club.
The gnoll closely misses your hound.
Found a pair of gloves.
Your hound barely misses the gnoll.
Your hound bites the gnoll.
The gnoll misses your hound.
Ijyb the Twisted Goblin comes into view.
She is wielding a +0 club and carrying a wand of iceblast (9).
Your hound barely misses the gnoll.
The gnoll misses your hound.
Your hound closely misses the gnoll.
Your hound bites the gnoll.
The gnoll closely misses your hound.
There is a stone staircase leading up here.
Your hound barely misses the gnoll.
You hear a zap.
Some rock shatters into small pieces.
The gnoll completely misses your hound. Something hits your hound.
Your hound closely misses the gnoll.
The gnoll hits you with a +0 flail!
Your hound barely misses the gnoll.
Something misses your hound.
You climb upwards.
There is a stone staircase leading down here.
Casting: Call Canine Familiar (quite dangerous; 9% risk of failure)
Confirm with . or Enter, or press ? or * to list all spells.
You don't know that spell.
Unknown command.
Casting: Call Canine Familiar (quite dangerous; 9% risk of failure)
Confirm with . or Enter, or press ? or * to list all spells.
The spell is quite dangerous to cast (9% risk of failure)!
Continue anyway?
The gnoll hits you with a +0 flail!
* * * LOW HITPOINT WARNING * * *
Your hound bites the gnoll.
Your hound bites the gnoll.
The gnoll hits you with a +0 flail!
You die...

.#.##..####..............).......
##.##..# ###..#.#####.####.###.#
#.##..# #..#.# #.# #.# #.#
##.##..# #..#.# #.# #.# #.#
..#....######..#.# #.# #.# #§#
##.##.###........#####.# #.# #§#
#.##.###.#####........# #.# #.#
#........# #..##########.# #†#
#.##.....# #.@.........#.# #..
#....>...# #g#########.#.# ###
####.###.#####h# #.#.# ###
#...h...# #...# ######### #####


You could see a gnoll (ally target) and a friendly hound (summoned).

Vanquished Creatures
  A dart slug (D:2)
  A ball python (D:2)
  2 bats
  A giant cockroach (D:1)
  A hobgoblin (D:2)
  A jackal (D:1)
  3 kobolds (D:2)
10 creatures vanquished.

Vanquished Creatures (collateral kills)
  A dart slug (D:1)
  3 ball pythons (D:1)
  6 endoplasms
  4 goblins (D:1)
  3 hobgoblins (D:1)
  5 jackals (D:1)
  2 quokkas
  2 bats (D:1)
  5 rats (D:1)
31 creatures vanquished.

Grand Total: 41 creatures vanquished

Notes
Turn   | Place    | Note
-------+----------+-------------------------------------------
     0 | D:1      | inmateoo the Demigod Summoner began the quest for the Orb.
     0 | D:1      | Reached XP level 1. HP: 14/14 MP: 5/5
   838 | D:1      | Reached XP level 2. HP: 18/22 MP: 2/7
   917 | D:1      | Learned a level 2 spell: Call Imp
   949 | D:1      | Reached skill level 1 in Fighting
  2041 | D:2      | Reached skill level 4 in Summonings
  2194 | D:2      | Reached XP level 3. HP: 28/28 MP: 6/9
  2390 | D:2      | Learned a level 3 spell: Call Canine Familiar
  2475 | D:3      | Noticed Ijyb
  2496 | D:2      | Slain by a gnoll

Illustrated notes

Levels and vault maps discovered:
D:1:      sevenhm_arrival_forest_fort_large_2, layout_basic,
          hellmonk_ecumenical_altar_blasted, feat_on_display
D:2:      layout_loops_ring
D:3:      layout_basic, minmay_diced_spiral, uniq_ijyb

Skill      XL: |  1  2 |
---------------+-------+-----
Spellcasting   | 2 |  2.2
Fighting       | 1 |  1.3
Summonings     | 4 |  4.0
Dodging        | |  1.7
Stealth        | |  1.7

Action                   || total
-------------------------++-------
Melee: Unarmed           ||    72
       Short sword       ||    15
 Cast: Summon Small Mamm ||    46
       Call Canine Famil ||     2
  Use: Scroll            ||     2
Armor: Robe              ||    40
Dodge: Dodged            ||    99
